cohdb
Replays
Latest Replays
All Replays
Popular Replays
Top Player Replays
Match Explorer
How It Works
Community
CoH3 Stats
Reddit
Sign in to upload your games and track your stats! →
Sign in with Steam
Match 35784100
Unlisted
Match 35784100
Overview
Messages
Build Orders
End
Construct Barracks
Selects Advanced Infantry Battlegroup
Riflemen Squad
Riflemen Squad
M1 Mortar Team
Mechanized Support Center
Riflemen Squad
M1918 Browning Automatic Rifles
Selects Convert to Ranger Squad
Convert to Ranger Squad
Convert to Ranger Squad
Selects Frontline Medical Station
Frontline Medical Station
Construct Tank Depot
De Keuning
Masalko
Tycoonmaster
MuniekPL
Husar
Felipe
0
0
Comments
sign in to comment!
No comments posted yet!